Oilers vs Flames

Created - 7 mars 2022 at 16:41

Goals
1 2 3 T
Oilers 1 2 2 5
Flames 2 0 0 2
Shots
1 2 3 T
Oilers 15 11 11 37
Flames 7 17 6 30

GoalsPenalties
1st period
1. Flames , Matthew Tkachuk 12 (Jake McCabe 16, Christopher Tanev 31) at 4:15
2. Flames , Anze Kopitar 17 (Elias Lindholm 46, Matthew Tkachuk 21) at 8:46 (PP)
3. Oilers , Tyler Motte 10 (Mike Reilly 16, Brian Dumoulin 20) at 19:36
Mike Reilly (EDM) for Hooking (Minor) at 5:46
Keith Yandle (EDM) for Cross-checking (Minor) at 8:26
Blake Coleman (CAL) for Boarding (Minor) at 13:10
Paul Stastny (CAL) for Hooking (Minor) at 16:58
2nd period
4. Oilers , Ryan Pulock 14 (Logan Couture 35, Kevin Hayes 20) at 0:37
5. Oilers , Justin Faulk 8 (Joe Pavelski 31) at 16:12
Logan Couture (EDM) for Slashing (Minor) at 2:58
Tomas Tatar (EDM) for Hooking (Minor) at 6:32
Christopher Tanev (CAL) for Hooking (Minor) at 17:40
John Tavares (EDM) for Tripping (Minor) at 17:40
3rd period
6. Oilers , Joe Pavelski 22 (Alex Iafallo 26, Mark Giordano 53) at 9:57
7. Oilers , Joe Pavelski 23 (Alex Iafallo 27, Ryan Pulock 38) at 16:17
Erik Gudbranson (CAL) for Diving (Minor) at 6:20
Mark Stone (CAL) for Roughing (Minor) at 11:44
Goalie Stats
Connor Hellebuyck (EDM), 28 saves from 30 shots - (0,933), W, 31-16-7, 60:00 minutes
Mackenzie Blackwood (CAL), 32 saves from 37 shots - (0,865), L, 28-14-5, 60:00 minutes
3 StarsOfficial
1 - Joe Pavelski (EDM)
2 - Justin Faulk (EDM)
3 - Ryan Pulock (EDM)
Referees : Steve Kozari and Rob Martell
Linesman : Bryan Pancich and Vaughan Rody
Game Note
No Game Note



Team Name Goals Shots Shots Attemp Shots Blocked PIM HIT PP PK FO%
Oilers 53773910130 / 4 (0%)147%
Flames 230641510231 / 4 (25%)053%

Oilers
Player Name POS G A P +/- PIM HIT SHT SB MP PP MP PP SHT PK MP PK SHT FO% FOT
Alex IafalloC/LW0222003021:464:2913:1500% 4
Brian DumoulinD0111011016:320:4002:4700% 0
Casey CizikasC000002107:530:0003:02030% 10
Christian DvorakC/LW0001003010:550:0000:00046% 13
Devin ShoreC/LW000000105:050:0000:140100% 2
Joe PavelskiC/RW2132016019:254:2900:00063% 27
John TavaresC0001202117:263:2710:00042% 26
Jordan EberleRW0001003010:550:0000:0000% 0
Justin FaulkD1013041424:253:5203:3000% 0
Keith YandleD0000201019:424:0410:0000% 0
Kevin HayesC/RW0111000018:433:2700:22033% 3
Logan CoutureC/LW0111216020:213:2721:50167% 3
Mark GiordanoD0110000323:253:5602:4700% 0
Mike ReillyD0111200112:080:0000:0000% 0
Robby FabbriC/LW/RW000000004:510:0000:0000% 0
Ryan PulockD1123014023:463:2033:3000% 0
Tomas TatarLW/RW0002211019:164:2900:00050% 2
Tyler MotteC/LW/RW1011024015:050:0003:51025% 4
Flames
Player Name POS G A P +/- PIM HIT SHT SB MP PP MP PP SHT PK MP PK SHT FO% FOT
Andrew CoglianoC/LW000001004:440:0000:0000% 0
Andrew MangiapaneLW/RW000000005:460:0001:0200% 0
Anze KopitarC101-1012018:233:1611:52048% 23
Blake ColemanC/LW/RW000-1214014:360:0001:400100% 1
Christopher TanevD0110210119:180:0003:4800% 0
Elias LindholmC/RW011-1046117:253:1620:00075% 4
Erik GudbransonD0000210316:400:0003:2600% 0
Jake McCabeD0110020119:390:0003:4800% 0
Mark StoneRW000-2210220:513:0104:0500% 1
Matthew TkachukLW/RW112-1006116:113:1430:0000% 0
Max PaciorettyLW000-2011016:583:0100:00033% 3
Mikael BacklundC/RW000-1015017:033:0110:00062% 26
Mike MathesonD0000000117:123:0300:0000% 0
Nick BoninoC0000002010:040:0005:20255% 11
Noah HanifinD000-4011523:513:0304:0800% 0
Paul StastnyC/LW000-2212012:510:0000:00043% 23
Rasmus AnderssonD000-4060020:043:1400:4200% 0
Ryan Nugent-HopkinsC/LW000-1011018:243:1611:530100% 2

Oilers

5 vs 5 Forward
Line #Left WingCenterRight WingPHYDFOFWanted %Time %Time Play
1Alex IafalloJoe PavelskiTomas Tatar0413232%14:02
2Logan CoutureJohn TavaresKevin Hayes0323032%14:00
3Tyler MotteChristian DvorakJordan Eberle0412325%10:55
4Devin ShoreCasey CizikasRobby Fabbri1311511%4:51
5 vs 5 Defense
Line #DefenseDefensePHYDFOFWanted %Time %Time Play
1Justin FaulkRyan Pulock0413837%16:00
2Keith YandleMark Giordano0323836%15:39
3Brian DumoulinMike Reilly0412428%12:09
4Keith YandleMark Giordano13100%0:00
Power Play Forward
Line #Left WingCenterRight WingPHYDFOFWanted %Time %Time Play
1Logan CoutureJohn TavaresKevin Hayes0325043%3:27
2Alex IafalloJoe PavelskiTomas Tatar0415057%4:29
Power Play Defense
Line #DefenseDefensePHYDFOFWanted %Time %Time Play
1Keith YandleRyan Pulock0325051%4:04
2Justin FaulkMark Giordano0415049%3:52
Penalty Kill 4 Players Forward
Line #CenterWingPHYDFOFWanted %Time %Time Play
1Casey CizikasTyler Motte1225048%3:02
2Logan CoutureAlex Iafallo0325052%3:15
Penalty Kill 4 Players Defense
Line #DefenseDefensePHYDFOFWanted %Time %Time Play
1Mark GiordanoBrian Dumoulin1225044%2:47
2Ryan PulockJustin Faulk0325056%3:30
Penalty Kill 3 Players
Line #WingPHYDFOFWanted %Time %Time PlayDefenseDefensePHYDFOFWanted %Time %Time Play
1Casey Cizikas122500%0:00 Mark GiordanoBrian Dumoulin122500%0:00
2Logan Couture122500%0:00 Justin FaulkRyan Pulock122500%0:00
4 vs 4 Forward
Line #CenterWingPHYDFOFWanted %Time %Time Play
1John TavaresLogan Couture1225055%1:05
2Joe PavelskiKevin Hayes1225045%0:54
4 vs 4 Defense
Line #DefensePHYDFOFWanted %Time %Time Play
1Mark GiordanoJustin Faulk1225053%50% - 1:03
2Ryan PulockBrian Dumoulin1225047%50% - 0:56
Last Minutes Offensive
Left WingCenterRight WingDefenseDefense
Logan CoutureJohn TavaresTomas TatarMark GiordanoJustin Faulk
Last Minutes Defensive
Left WingCenterRight WingDefenseDefense
Logan CoutureCasey CizikasTyler MotteMark GiordanoBrian Dumoulin
Time
Total ForwardTotal DefenseLast Minutes OffensiveLast Minutes Defensive
60:00 60:00 0:000:00
Extra Forwards
Normal PowerPlayPenalty Kill
John Tavares, Tomas Tatar, Tyler MotteKevin Hayes, Tomas TatarTyler Motte
Extra Defensemen
Normal PowerPlayPenalty Kill
Mark Giordano, Ryan Pulock, Brian DumoulinMark Giordano, Ryan PulockBrian Dumoulin
Penalty Shots
Tomas Tatar, John Tavares, Jordan Eberle, Logan Couture, Robby Fabbri
Goalie
Connor Hellebuyck, Craig Anderson
Custom OT Lines Forwards
Logan Couture, John Tavares, Kevin Hayes, Joe Pavelski, Christian Dvorak, Alex Iafallo, Tomas Tatar, Tyler Motte, Robby Fabbri, Jordan Eberle
Custom OT Lines Defensemen
Mark Giordano, Justin Faulk, Ryan Pulock, Brian Dumoulin, Mike Reilly
Scratches
Vinnie Hinostroza (Healthy), Kevin Labanc (Healthy), Anton Stralman (Healthy)

Flames

5 vs 5 Forward
Line #Left WingCenterRight WingPHYDFOFWanted %Time %Time Play
1Max PaciorettyPaul StastnyMark Stone1223029%12:52
2Ryan Nugent-HopkinsAnze KopitarElias Lindholm1223030%13:15
3Blake ColemanMikael BacklundMatthew Tkachuk1223030%12:57
4Andrew CoglianoNick BoninoAndrew Mangiapane1221011%4:44
5 vs 5 Defense
Line #DefenseDefensePHYDFOFWanted %Time %Time Play
1Jake McCabeChristopher Tanev0413535%15:31
2Noah HanifinRasmus Andersson0323534%15:02
3Mike MathesonErik Gudbranson0323030%13:15
4Noah HanifinMike Matheson03200%0:00
Power Play Forward
Line #Left WingCenterRight WingPHYDFOFWanted %Time %Time Play
1Ryan Nugent-HopkinsAnze KopitarElias Lindholm1225052%3:16
2Max PaciorettyMikael BacklundMark Stone1225048%3:01
Power Play Defense
Line #DefenseDefensePHYDFOFWanted %Time %Time Play
1Matthew TkachukRasmus Andersson1225051%3:14
2Noah HanifinMike Matheson1225049%3:03
Penalty Kill 4 Players Forward
Line #CenterWingPHYDFOFWanted %Time %Time Play
1Nick BoninoMark Stone1316076%6:04
2Anze KopitarBlake Coleman1314024%1:52
Penalty Kill 4 Players Defense
Line #DefenseDefensePHYDFOFWanted %Time %Time Play
1Jake McCabeChristopher Tanev1316048%3:48
2Noah HanifinErik Gudbranson1314052%4:08
Penalty Kill 3 Players
Line #WingPHYDFOFWanted %Time %Time PlayDefenseDefensePHYDFOFWanted %Time %Time Play
1Nick Bonino140500%0:00 Jake McCabeChristopher Tanev140500%0:00
2Elias Lindholm140500%0:00 Noah HanifinErik Gudbranson140500%0:00
4 vs 4 Forward
Line #CenterWingPHYDFOFWanted %Time %Time Play
1Elias LindholmMark Stone1225045%0:54
2Mikael BacklundMax Pacioretty1225055%1:05
4 vs 4 Defense
Line #DefensePHYDFOFWanted %Time %Time Play
1Noah HanifinRasmus Andersson1225055%50% - 1:05
2Mike MathesonChristopher Tanev1225045%50% - 0:54
Last Minutes Offensive
Left WingCenterRight WingDefenseDefense
Ryan Nugent-HopkinsElias LindholmMark StoneNoah HanifinChristopher Tanev
Last Minutes Defensive
Left WingCenterRight WingDefenseDefense
Elias LindholmAnze KopitarMark StoneErik GudbransonChristopher Tanev
Time
Total ForwardTotal DefenseLast Minutes OffensiveLast Minutes Defensive
60:00 60:00 0:000:00
Extra Forwards
Normal PowerPlayPenalty Kill
Mark Stone, Max Pacioretty, Elias LindholmPaul Stastny, Elias LindholmRyan Nugent-Hopkins
Extra Defensemen
Normal PowerPlayPenalty Kill
Christopher Tanev, Noah Hanifin, Rasmus AnderssonChristopher Tanev, Rasmus AnderssonMike Matheson
Penalty Shots
Anze Kopitar, Ryan Nugent-Hopkins, Max Pacioretty, Elias Lindholm, Mark Stone
Goalie
Mackenzie Blackwood, Casey DeSmith
Custom OT Lines Forwards
Elias Lindholm, Mark Stone, Ryan Nugent-Hopkins, Anze Kopitar, Matthew Tkachuk, Max Pacioretty, Mikael Backlund, Blake Coleman, Nick Bonino, Paul Stastny
Custom OT Lines Defensemen
Christopher Tanev, Noah Hanifin, Rasmus Andersson, Mike Matheson, Jake McCabe
Scratches
Ben Chiarot (Healthy), Matt Calvert (Healthy), Chad Ruhwedel (Healthy)


Play-by-Play

1st period


0:01 of 1st period - Paul Stastny wins face-off versus Joe Pavelski in neutral zone.
1:11 of 1st period - Shot by Kevin Hayes.
1:11 of 1st period - Deflect By John Tavares.
1:11 of 1st period - Shot Misses the Net.
1:13 of 1st period - Shot by Kevin Hayes.
1:13 of 1st period - Shot Misses the Net.
1:33 of 1st period - Shot by Logan Couture.
1:33 of 1st period - Stopped by Mackenzie Blackwood without a rebound.
1:34 of 1st period - Anze Kopitar wins face-off versus Christian Dvorak in Flames zone.
1:58 of 1st period - Christian Dvorak is hit by Rasmus Andersson.
3:05 of 1st period - Shot by Devin Shore.
3:05 of 1st period - Stopped by Mackenzie Blackwood without a rebound.
3:06 of 1st period - Joe Pavelski wins face-off versus Nick Bonino in Flames zone.
3:35 of 1st period - Shot by Alex Iafallo.
3:35 of 1st period - Shot Misses the Net.
4:15 of 1st period - Shot by Matthew Tkachuk.
4:15 of 1st period - Goal by Matthew Tkachuk - Oilers : 0 - Flames : 1.
4:16 of 1st period - John Tavares wins face-off versus Anze Kopitar in neutral zone.
4:41 of 1st period - Shot by Anze Kopitar.
4:41 of 1st period - Shot Hit the Post.
4:43 of 1st period - Shot by Anze Kopitar.
4:43 of 1st period - Stopped by Connor Hellebuyck without a rebound.
4:44 of 1st period - Christian Dvorak wins face-off versus Mikael Backlund in Oilers zone.
4:49 of 1st period - Shot by Christian Dvorak.
4:49 of 1st period - Deflect By Jordan Eberle.
4:49 of 1st period - Stopped by Mackenzie Blackwood without a rebound.
4:50 of 1st period - Mikael Backlund wins face-off versus Casey Cizikas in Flames zone.
4:50 of 1st period - Mikael Backlund is hit by Casey Cizikas.
4:57 of 1st period - Mike Reilly is hit by Erik Gudbranson and loses puck.
5:06 of 1st period - Shot by Casey Cizikas.
5:06 of 1st period - Deflect By Robby Fabbri.
5:06 of 1st period - Shot Blocked by Erik Gudbranson.
5:08 of 1st period - Shot by Casey Cizikas.
5:08 of 1st period - Stopped by Mackenzie Blackwood with a rebound.
5:10 of 1st period - Shot by Casey Cizikas.
5:10 of 1st period - Shot Misses the Net.
5:12 of 1st period - Shot by Robby Fabbri.
5:12 of 1st period - Shot Misses the Net.
5:34 of 1st period - Shot by Matthew Tkachuk.
5:34 of 1st period - Shot Misses the Net.
5:37 of 1st period - Icing by Brian Dumoulin.
5:38 of 1st period - Ryan Nugent-Hopkins wins face-off versus Casey Cizikas in Oilers zone.
5:46 of 1st period - Minor Penalty to Mike Reilly for Hooking.
5:47 of 1st period - Anze Kopitar wins face-off versus Logan Couture in Oilers zone.
6:00 of 1st period - Shot by Elias Lindholm.
6:00 of 1st period - Stopped by Connor Hellebuyck with a rebound.
6:02 of 1st period - Shot by Elias Lindholm.
6:02 of 1st period - Stopped by Connor Hellebuyck without a rebound.
6:03 of 1st period - Mikael Backlund wins face-off versus Casey Cizikas in Oilers zone.
7:00 of 1st period - Justin Faulk is hit by Anze Kopitar and loses puck.
7:21 of 1st period - Shot by Logan Couture.
7:21 of 1st period - Stopped by Mackenzie Blackwood without a rebound.
7:22 of 1st period - Mikael Backlund wins face-off versus Casey Cizikas in Flames zone.
7:22 of 1st period - Mikael Backlund is hit by Casey Cizikas.
8:26 of 1st period - Minor Penalty to Keith Yandle for Cross-checking.
8:27 of 1st period - Anze Kopitar wins face-off versus Casey Cizikas in Oilers zone.
8:46 of 1st period - Shot by Anze Kopitar.
8:46 of 1st period - Goal by Anze Kopitar - Oilers : 0 - Flames : 2.
8:47 of 1st period - Joe Pavelski wins face-off versus Paul Stastny in neutral zone.
8:52 of 1st period - Icing by Mike Matheson.
8:53 of 1st period - Joe Pavelski wins face-off versus Paul Stastny in Flames zone.
9:20 of 1st period - Shot by Tomas Tatar.
9:20 of 1st period - Stopped by Mackenzie Blackwood without a rebound.
9:21 of 1st period - Anze Kopitar wins face-off versus Christian Dvorak in Flames zone.
9:21 of 1st period - Rasmus Andersson is hit by Tyler Motte and loses puck.
9:27 of 1st period - Tyler Motte is hit by Rasmus Andersson and loses puck.
9:35 of 1st period - Icing by Rasmus Andersson.
9:36 of 1st period - John Tavares wins face-off versus Anze Kopitar in Flames zone.
9:37 of 1st period - Shot by Brian Dumoulin.
9:37 of 1st period - Stopped by Mackenzie Blackwood without a rebound.
9:38 of 1st period - John Tavares wins face-off versus Mikael Backlund in Flames zone.
9:47 of 1st period - Shot by John Tavares.
9:47 of 1st period - Shot Misses the Net.
10:40 of 1st period - Icing by Elias Lindholm.
10:41 of 1st period - Christian Dvorak wins face-off versus Anze Kopitar in Flames zone.
11:10 of 1st period - Shot by Christian Dvorak.
11:10 of 1st period - Stopped by Mackenzie Blackwood without a rebound.
11:11 of 1st period - Joe Pavelski wins face-off versus Paul Stastny in Flames zone.
12:09 of 1st period - Shot by Ryan Nugent-Hopkins.
12:09 of 1st period - Shot Blocked by Mike Reilly.
12:11 of 1st period - Shot by Elias Lindholm.
12:11 of 1st period - Stopped by Connor Hellebuyck without a rebound.
12:12 of 1st period - Mikael Backlund wins face-off versus Christian Dvorak in Oilers zone.
12:21 of 1st period - Shot by Blake Coleman.
12:21 of 1st period - Shot Misses the Net.
13:10 of 1st period - Minor Penalty to Blake Coleman for Boarding.
13:11 of 1st period - John Tavares wins face-off versus Nick Bonino in Flames zone.
13:16 of 1st period - Shot by Kevin Hayes.
13:16 of 1st period - Shot Blocked by Noah Hanifin.
13:26 of 1st period - Shot by John Tavares.
13:26 of 1st period - Shot Misses the Net.
13:28 of 1st period - Shot by Kevin Hayes.
13:28 of 1st period - Shot Blocked by Erik Gudbranson.
14:22 of 1st period - Shot by Alex Iafallo.
14:22 of 1st period - Stopped by Mackenzie Blackwood without a rebound.
14:23 of 1st period - Anze Kopitar wins face-off versus Joe Pavelski in Flames zone.
14:38 of 1st period - Shot by Anze Kopitar.
14:38 of 1st period - Shot Blocked by Mark Giordano.
15:16 of 1st period - Shot by Christian Dvorak.
15:16 of 1st period - Shot Misses the Net.
15:36 of 1st period - Shot by Christian Dvorak.
15:36 of 1st period - Stopped by Mackenzie Blackwood without a rebound.
15:37 of 1st period - Paul Stastny wins face-off versus Casey Cizikas in Flames zone.
15:41 of 1st period - Off-side.
15:42 of 1st period - John Tavares wins face-off versus Paul Stastny in neutral zone.
16:06 of 1st period - Shot by Paul Stastny.
16:06 of 1st period - Stopped by Connor Hellebuyck without a rebound.
16:07 of 1st period - Joe Pavelski wins face-off versus Anze Kopitar in Oilers zone.
16:44 of 1st period - Shot by Joe Pavelski.
16:44 of 1st period - Stopped by Mackenzie Blackwood without a rebound.
16:45 of 1st period - Paul Stastny wins face-off versus John Tavares in Flames zone.
16:58 of 1st period - Minor Penalty to Paul Stastny for Hooking.
16:59 of 1st period - Nick Bonino wins face-off versus John Tavares in Flames zone.
17:37 of 1st period - Shot by Logan Couture.
17:37 of 1st period - Stopped by Mackenzie Blackwood without a rebound.
17:38 of 1st period - Joe Pavelski wins face-off versus Nick Bonino in Flames zone.
17:43 of 1st period - Shot by Justin Faulk.
17:43 of 1st period - Shot Misses the Net.
17:50 of 1st period - Icing by Alex Iafallo.
17:51 of 1st period - Nick Bonino wins face-off versus Joe Pavelski in Oilers zone.
17:55 of 1st period - Shot by Nick Bonino.
17:55 of 1st period - Shot Misses the Net.
18:31 of 1st period - Icing by Justin Faulk.
18:32 of 1st period - Joe Pavelski wins face-off versus Anze Kopitar in Oilers zone.
19:17 of 1st period - Shot by Christian Dvorak.
19:17 of 1st period - Stopped by Mackenzie Blackwood with a rebound.
19:19 of 1st period - Shot by Christian Dvorak.
19:19 of 1st period - Shot Misses the Net.
19:21 of 1st period - Shot by Tyler Motte.
19:21 of 1st period - Shot Misses the Net.
19:32 of 1st period - Shot by Tyler Motte.
19:32 of 1st period - Shot Blocked by Elias Lindholm.
19:34 of 1st period - Shot by Mike Reilly.
19:34 of 1st period - Shot Blocked by Noah Hanifin.
19:36 of 1st period - Shot by Tyler Motte.
19:36 of 1st period - Goal by Tyler Motte - Oilers : 1 - Flames : 2.
19:37 of 1st period - Mikael Backlund wins face-off versus John Tavares in neutral zone.
19:42 of 1st period - Kevin Hayes is hit by Blake Coleman and loses puck.
19:49 of 1st period - Shot by Kevin Hayes.
19:49 of 1st period - Deflect By Logan Couture.
19:49 of 1st period - Stopped by Mackenzie Blackwood without a rebound.
19:50 of 1st period - Devin Shore wins face-off versus Paul Stastny in Flames zone.
Goals for this period are 1 for Oilers vs 2 for Flames.
Shots for this period are 15 for Oilers vs 7 for Flames.

2nd period


0:01 of 2nd period - Joe Pavelski wins face-off versus Paul Stastny in neutral zone.
0:08 of 2nd period - Shot by Joe Pavelski.
0:08 of 2nd period - Shot Misses the Net.
0:11 of 2nd period - Icing by Rasmus Andersson.
0:12 of 2nd period - Paul Stastny wins face-off versus John Tavares in Flames zone.
0:35 of 2nd period - Shot by Logan Couture.
0:35 of 2nd period - Shot Blocked by Mark Stone.
0:37 of 2nd period - Shot by Ryan Pulock.
0:37 of 2nd period - Goal by Ryan Pulock - Oilers : 2 - Flames : 2.
0:38 of 2nd period - Joe Pavelski wins face-off versus Anze Kopitar in neutral zone.
1:05 of 2nd period - Shot by Alex Iafallo.
1:05 of 2nd period - Shot Misses the Net.
1:07 of 2nd period - Shot by Alex Iafallo.
1:07 of 2nd period - Shot Blocked by Erik Gudbranson.
1:09 of 2nd period - Shot by Joe Pavelski.
1:09 of 2nd period - Stopped by Mackenzie Blackwood with a rebound.
1:11 of 2nd period - Shot by Joe Pavelski.
1:11 of 2nd period - Shot Misses the Net.
1:13 of 2nd period - Shot by Joe Pavelski.
1:13 of 2nd period - Stopped by Mackenzie Blackwood with a rebound.
1:46 of 2nd period - Shot by John Tavares.
1:46 of 2nd period - Stopped by Mackenzie Blackwood without a rebound.
1:47 of 2nd period - Casey Cizikas wins face-off versus Paul Stastny in Flames zone.
2:58 of 2nd period - Minor Penalty to Logan Couture for Slashing.
2:59 of 2nd period - Anze Kopitar wins face-off versus Alex Iafallo in Oilers zone.
3:11 of 2nd period - Icing by Anze Kopitar.
3:12 of 2nd period - Anze Kopitar wins face-off versus Tyler Motte in Flames zone.
3:39 of 2nd period - Shot by Mike Matheson.
3:39 of 2nd period - Shot Misses the Net.
4:15 of 2nd period - Shot by Mark Stone.
4:15 of 2nd period - Deflect By Mikael Backlund.
4:15 of 2nd period - Stopped by Connor Hellebuyck without a rebound.
4:16 of 2nd period - Mikael Backlund wins face-off versus Kevin Hayes in Oilers zone.
4:25 of 2nd period - Shot by Alex Iafallo.
4:25 of 2nd period - Shot Blocked by Matthew Tkachuk.
4:31 of 2nd period - Shot by Matthew Tkachuk.
4:31 of 2nd period - Stopped by Connor Hellebuyck without a rebound.
4:32 of 2nd period - Casey Cizikas wins face-off versus Anze Kopitar in Oilers zone.
4:51 of 2nd period - Shot by Ryan Nugent-Hopkins.
4:51 of 2nd period - Stopped by Connor Hellebuyck without a rebound.
4:52 of 2nd period - Kevin Hayes wins face-off versus Mikael Backlund in Oilers zone.
4:52 of 2nd period - Kevin Hayes is hit by Mikael Backlund.
5:35 of 2nd period - Shot by Robby Fabbri.
5:35 of 2nd period - Shot Misses the Net.
6:00 of 2nd period - Blake Coleman is hit by Justin Faulk and loses puck.
6:13 of 2nd period - Shot by Blake Coleman.
6:13 of 2nd period - Shot Misses the Net.
6:21 of 2nd period - Shot by Matthew Tkachuk.
6:21 of 2nd period - Stopped by Connor Hellebuyck without a rebound.
6:22 of 2nd period - Joe Pavelski wins face-off versus Anze Kopitar in Oilers zone.
6:22 of 2nd period - Joe Pavelski is hit by Elias Lindholm.
6:32 of 2nd period - Minor Penalty to Tomas Tatar for Hooking.
6:33 of 2nd period - Anze Kopitar wins face-off versus Alex Iafallo in Oilers zone.
6:50 of 2nd period - Anze Kopitar is hit by Tyler Motte and loses puck.
6:59 of 2nd period - Shot by Casey Cizikas.
6:59 of 2nd period - Shot Misses the Net.
7:31 of 2nd period - Shot by Matthew Tkachuk.
7:31 of 2nd period - Stopped by Connor Hellebuyck without a rebound.
7:32 of 2nd period - Logan Couture wins face-off versus Mikael Backlund in Oilers zone.
7:47 of 2nd period - Shot by Matthew Tkachuk.
7:47 of 2nd period - Stopped by Connor Hellebuyck without a rebound.
7:48 of 2nd period - Mikael Backlund wins face-off versus Alex Iafallo in Oilers zone.
8:03 of 2nd period - Shot by Rasmus Andersson.
8:03 of 2nd period - Shot Misses the Net.
8:39 of 2nd period - Shot by Ryan Nugent-Hopkins.
8:39 of 2nd period - Shot Misses the Net.
9:01 of 2nd period - Shot by Anze Kopitar.
9:01 of 2nd period - Shot Misses the Net.
9:03 of 2nd period - Shot by Elias Lindholm.
9:03 of 2nd period - Shot Misses the Net.
9:13 of 2nd period - Shot by Ryan Nugent-Hopkins.
9:13 of 2nd period - Deflect By Anze Kopitar.
9:13 of 2nd period - Shot Misses the Net.
9:58 of 2nd period - Icing by Alex Iafallo.
9:59 of 2nd period - Joe Pavelski wins face-off versus Paul Stastny in Oilers zone.
10:17 of 2nd period - Icing by Max Pacioretty.
10:18 of 2nd period - Paul Stastny wins face-off versus John Tavares in Flames zone.
10:20 of 2nd period - Icing by Mark Stone.
10:21 of 2nd period - John Tavares wins face-off versus Paul Stastny in Flames zone.
10:26 of 2nd period - Shot by Logan Couture.
10:26 of 2nd period - Shot Misses the Net.
10:29 of 2nd period - Icing by Rasmus Andersson.
10:30 of 2nd period - Christian Dvorak wins face-off versus Paul Stastny in Flames zone.
10:31 of 2nd period - Shot by Tyler Motte.
10:31 of 2nd period - Stopped by Mackenzie Blackwood without a rebound.
10:32 of 2nd period - Christian Dvorak wins face-off versus Mikael Backlund in Flames zone.
10:59 of 2nd period - Shot by Christian Dvorak.
10:59 of 2nd period - Deflect By Tyler Motte.
10:59 of 2nd period - Stopped by Mackenzie Blackwood without a rebound.
11:00 of 2nd period - John Tavares wins face-off versus Max Pacioretty in Flames zone.
12:03 of 2nd period - Shot by Blake Coleman.
12:03 of 2nd period - Stopped by Connor Hellebuyck without a rebound.
12:04 of 2nd period - Mikael Backlund wins face-off versus Joe Pavelski in Oilers zone.
12:09 of 2nd period - Shot by Matthew Tkachuk.
12:09 of 2nd period - Shot Misses the Net.
12:29 of 2nd period - Shot by Mikael Backlund.
12:29 of 2nd period - Shot Misses the Net.
12:41 of 2nd period - Shot by Blake Coleman.
12:41 of 2nd period - Shot Misses the Net.
12:43 of 2nd period - Shot by Blake Coleman.
12:43 of 2nd period - Shot Hit the Post.
12:45 of 2nd period - Shot by Blake Coleman.
12:45 of 2nd period - Shot Misses the Net.
12:47 of 2nd period - Shot by Blake Coleman.
12:47 of 2nd period - Stopped by Connor Hellebuyck with a rebound.
12:59 of 2nd period - Shot by Elias Lindholm.
12:59 of 2nd period - Stopped by Connor Hellebuyck without a rebound.
13:00 of 2nd period - Christian Dvorak wins face-off versus Anze Kopitar in Oilers zone.
13:12 of 2nd period - Christian Dvorak is hit by Christopher Tanev.
13:34 of 2nd period - Shot by Elias Lindholm.
13:34 of 2nd period - Stopped by Connor Hellebuyck without a rebound.
13:35 of 2nd period - Paul Stastny wins face-off versus John Tavares in Oilers zone.
13:44 of 2nd period - Logan Couture is hit by Max Pacioretty and loses puck.
13:55 of 2nd period - Ryan Pulock is hit by Paul Stastny and loses puck.
14:10 of 2nd period - Shot by Kevin Hayes.
14:10 of 2nd period - Shot Blocked by Mike Matheson.
14:16 of 2nd period - Shot by Paul Stastny.
14:16 of 2nd period - Stopped by Connor Hellebuyck without a rebound.
14:17 of 2nd period - Ryan Nugent-Hopkins wins face-off versus Christian Dvorak in Oilers zone.
14:18 of 2nd period - Shot by Anze Kopitar.
14:18 of 2nd period - Shot Misses the Net.
14:35 of 2nd period - Shot by Jordan Eberle.
14:35 of 2nd period - Shot Blocked by Noah Hanifin.
14:37 of 2nd period - Shot by Jordan Eberle.
14:37 of 2nd period - Stopped by Mackenzie Blackwood without a rebound.
14:38 of 2nd period - Joe Pavelski wins face-off versus Mikael Backlund in Flames zone.
14:39 of 2nd period - Shot by Alex Iafallo.
14:39 of 2nd period - Stopped by Mackenzie Blackwood without a rebound.
14:40 of 2nd period - Joe Pavelski wins face-off versus Mikael Backlund in Flames zone.
14:47 of 2nd period - Shot by Mikael Backlund.
14:47 of 2nd period - Stopped by Connor Hellebuyck without a rebound.
14:48 of 2nd period - Joe Pavelski wins face-off versus Mikael Backlund in Oilers zone.
15:05 of 2nd period - Shot by Joe Pavelski.
15:05 of 2nd period - Stopped by Mackenzie Blackwood without a rebound.
15:06 of 2nd period - Christian Dvorak wins face-off versus Anze Kopitar in Flames zone.
15:46 of 2nd period - Christian Dvorak is hit by Elias Lindholm and loses puck.
16:12 of 2nd period - Shot by Justin Faulk.
16:12 of 2nd period - Goal by Justin Faulk - Oilers : 3 - Flames : 2.
16:13 of 2nd period - John Tavares wins face-off versus Paul Stastny in neutral zone.
16:23 of 2nd period - Icing by Max Pacioretty.
16:24 of 2nd period - Joe Pavelski wins face-off versus Paul Stastny in Flames zone.
16:40 of 2nd period - Off-side.
16:41 of 2nd period - Mikael Backlund wins face-off versus John Tavares in neutral zone.
16:50 of 2nd period - Shot by Mikael Backlund.
16:50 of 2nd period - Stopped by Connor Hellebuyck without a rebound.
16:51 of 2nd period - Anze Kopitar wins face-off versus Alex Iafallo in Oilers zone.
16:59 of 2nd period - Alex Iafallo is hit by Ryan Nugent-Hopkins and loses puck.
17:12 of 2nd period - Christopher Tanev is hit by Tomas Tatar and loses puck.
17:25 of 2nd period - Shot by Anze Kopitar.
17:25 of 2nd period - Shot Misses the Net.
17:40 of 2nd period - Minor Penalty to Christopher Tanev for Hooking.
17:40 of 2nd period - Minor Penalty to John Tavares for Tripping.
17:41 of 2nd period - Tyler Motte wins face-off versus Max Pacioretty in Flames zone.
17:41 of 2nd period - Tyler Motte is hit by Noah Hanifin.
17:57 of 2nd period - Shot by Mikael Backlund.
17:57 of 2nd period - Stopped by Connor Hellebuyck without a rebound.
17:58 of 2nd period - Mikael Backlund wins face-off versus Tyler Motte in Oilers zone.
17:59 of 2nd period - Shot by Max Pacioretty.
17:59 of 2nd period - Stopped by Connor Hellebuyck without a rebound.
18:00 of 2nd period - Tomas Tatar wins face-off versus Mikael Backlund in Oilers zone.
18:05 of 2nd period - Shot by Logan Couture.
18:05 of 2nd period - Shot Blocked by Noah Hanifin.
18:07 of 2nd period - Shot by Logan Couture.
18:07 of 2nd period - Stopped by Mackenzie Blackwood without a rebound.
18:08 of 2nd period - Joe Pavelski wins face-off versus Elias Lindholm in Flames zone.
18:09 of 2nd period - Shot by Justin Faulk.
18:09 of 2nd period - Shot Blocked by Noah Hanifin.
18:19 of 2nd period - Shot by Elias Lindholm.
18:19 of 2nd period - Shot Misses the Net.
18:21 of 2nd period - Shot by Mark Stone.
18:21 of 2nd period - Shot Blocked by Mark Giordano.
18:23 of 2nd period - Shot by Mark Stone.
18:23 of 2nd period - Shot Blocked by Justin Faulk.
18:45 of 2nd period - Shot by Elias Lindholm.
18:45 of 2nd period - Stopped by Connor Hellebuyck without a rebound.
18:46 of 2nd period - Mikael Backlund wins face-off versus Tomas Tatar in Oilers zone.
19:23 of 2nd period - Shot by Mikael Backlund.
19:23 of 2nd period - Stopped by Connor Hellebuyck without a rebound.
19:24 of 2nd period - Elias Lindholm wins face-off versus Joe Pavelski in Oilers zone.
19:33 of 2nd period - Shot by Mark Stone.
19:33 of 2nd period - Deflect By Elias Lindholm.
19:33 of 2nd period - Shot Blocked by Mark Giordano.
19:38 of 2nd period - Off-side.
19:39 of 2nd period - Elias Lindholm wins face-off versus Joe Pavelski in neutral zone.
19:56 of 2nd period - Mark Giordano is hit by Andrew Cogliano and loses puck.
Goals for this period are 2 for Oilers vs 0 for Flames.
Shots for this period are 11 for Oilers vs 17 for Flames.

3rd period


0:01 of 3rd period - Mikael Backlund wins face-off versus Kevin Hayes in neutral zone.
0:52 of 3rd period - Icing by John Tavares.
0:53 of 3rd period - John Tavares wins face-off versus Paul Stastny in Oilers zone.
1:07 of 3rd period - Mark Stone is hit by Justin Faulk and loses puck.
1:20 of 3rd period - Shot by Paul Stastny.
1:20 of 3rd period - Shot Misses the Net.
1:33 of 3rd period - Max Pacioretty is hit by Ryan Pulock and loses puck.
1:37 of 3rd period - Mark Stone is hit by Justin Faulk and loses puck.
2:02 of 3rd period - Justin Faulk is hit by Elias Lindholm and loses puck.
2:15 of 3rd period - Shot by Anze Kopitar.
2:15 of 3rd period - Shot Blocked by Justin Faulk.
2:22 of 3rd period - Anze Kopitar is hit by Justin Faulk and loses puck.
3:03 of 3rd period - Shot by Tyler Motte.
3:03 of 3rd period - Stopped by Mackenzie Blackwood with a rebound.
3:05 of 3rd period - Shot by Christian Dvorak.
3:05 of 3rd period - Shot Misses the Net.
3:07 of 3rd period - Shot by Jordan Eberle.
3:07 of 3rd period - Stopped by Mackenzie Blackwood without a rebound.
3:08 of 3rd period - Paul Stastny wins face-off versus John Tavares in Flames zone.
4:01 of 3rd period - Rasmus Andersson is hit by Logan Couture and loses puck.
4:26 of 3rd period - Brian Dumoulin is hit by Rasmus Andersson and loses puck.
4:50 of 3rd period - Icing by Mike Reilly.
4:51 of 3rd period - Mikael Backlund wins face-off versus Christian Dvorak in Oilers zone.
4:57 of 3rd period - Mike Reilly is hit by Jake McCabe and loses puck.
5:12 of 3rd period - Icing by Ryan Pulock.
5:13 of 3rd period - Devin Shore wins face-off versus Anze Kopitar in Oilers zone.
5:13 of 3rd period - Casey Cizikas is hit by Elias Lindholm and loses puck.
5:25 of 3rd period - Icing by Justin Faulk.
5:26 of 3rd period - Casey Cizikas wins face-off versus Mikael Backlund in Oilers zone.
5:28 of 3rd period - Icing by Justin Faulk.
5:29 of 3rd period - Mikael Backlund wins face-off versus Casey Cizikas in Oilers zone.
5:38 of 3rd period - Shot by Casey Cizikas.
5:38 of 3rd period - Shot Misses the Net.
5:43 of 3rd period - Icing by Blake Coleman.
5:44 of 3rd period - Mikael Backlund wins face-off versus John Tavares in Flames zone.
5:59 of 3rd period - Shot by Rasmus Andersson.
5:59 of 3rd period - Shot Blocked by John Tavares.
6:01 of 3rd period - Shot by Noah Hanifin.
6:01 of 3rd period - Shot Misses the Net.
6:11 of 3rd period - Shot by Blake Coleman.
6:11 of 3rd period - Stopped by Connor Hellebuyck without a rebound.
6:12 of 3rd period - Paul Stastny wins face-off versus Joe Pavelski in Oilers zone.
6:20 of 3rd period - Minor Penalty to Erik Gudbranson for Diving.
6:21 of 3rd period - Nick Bonino wins face-off versus Joe Pavelski in Flames zone.
6:21 of 3rd period - Nick Bonino is hit by Joe Pavelski.
6:57 of 3rd period - Shot by Nick Bonino.
6:57 of 3rd period - Stopped by Connor Hellebuyck with a rebound.
6:59 of 3rd period - Shot by Nick Bonino.
6:59 of 3rd period - Shot Misses the Net.
7:01 of 3rd period - Shot by Nick Bonino.
7:01 of 3rd period - Shot Misses the Net.
7:03 of 3rd period - Shot by Nick Bonino.
7:03 of 3rd period - Stopped by Connor Hellebuyck without a rebound.
7:04 of 3rd period - Logan Couture wins face-off versus Nick Bonino in Oilers zone.
7:09 of 3rd period - Shot by Ryan Pulock.
7:09 of 3rd period - Shot Blocked by Mark Stone.
7:11 of 3rd period - Shot by John Tavares.
7:11 of 3rd period - Shot Blocked by Christopher Tanev.
7:13 of 3rd period - Shot by Ryan Pulock.
7:13 of 3rd period - Stopped by Mackenzie Blackwood without a rebound.
7:14 of 3rd period - John Tavares wins face-off versus Mark Stone in Flames zone.
7:15 of 3rd period - Shot by Logan Couture.
7:15 of 3rd period - Stopped by Mackenzie Blackwood without a rebound.
7:16 of 3rd period - Nick Bonino wins face-off versus John Tavares in Flames zone.
7:47 of 3rd period - Shot by Kevin Hayes.
7:47 of 3rd period - Shot Blocked by Jake McCabe.
7:49 of 3rd period - Shot by Keith Yandle.
7:49 of 3rd period - Stopped by Mackenzie Blackwood with a rebound.
7:53 of 3rd period - Shot by John Tavares.
7:53 of 3rd period - Stopped by Mackenzie Blackwood with a rebound.
7:55 of 3rd period - Shot by Ryan Pulock.
7:55 of 3rd period - Stopped by Mackenzie Blackwood with a rebound.
7:57 of 3rd period - Shot by Ryan Pulock.
7:57 of 3rd period - Stopped by Mackenzie Blackwood without a rebound.
7:58 of 3rd period - Joe Pavelski wins face-off versus Anze Kopitar in Flames zone.
8:10 of 3rd period - Tomas Tatar is hit by Rasmus Andersson and loses puck.
8:15 of 3rd period - Shot by Justin Faulk.
8:15 of 3rd period - Shot Misses the Net.
9:38 of 3rd period - Keith Yandle is hit by Jake McCabe and loses puck.
9:55 of 3rd period - Shot by Alex Iafallo.
9:55 of 3rd period - Deflect By Joe Pavelski.
9:55 of 3rd period - Shot Misses the Net.
9:57 of 3rd period - Shot by Joe Pavelski.
9:57 of 3rd period - Goal by Joe Pavelski - Oilers : 4 - Flames : 2.
9:58 of 3rd period - Max Pacioretty wins face-off versus John Tavares in neutral zone.
10:04 of 3rd period - Icing by Justin Faulk.
10:05 of 3rd period - Paul Stastny wins face-off versus John Tavares in Oilers zone.
10:24 of 3rd period - Icing by Justin Faulk.
10:25 of 3rd period - Anze Kopitar wins face-off versus John Tavares in Oilers zone.
10:40 of 3rd period - Shot by Ryan Nugent-Hopkins.
10:40 of 3rd period - Shot Misses the Net.
11:06 of 3rd period - Shot by Ryan Nugent-Hopkins.
11:06 of 3rd period - Shot Blocked by Justin Faulk.
11:44 of 3rd period - Minor Penalty to Mark Stone for Roughing.
11:45 of 3rd period - Nick Bonino wins face-off versus Joe Pavelski in Flames zone.
13:19 of 3rd period - Icing by Joe Pavelski.
13:20 of 3rd period - Nick Bonino wins face-off versus Joe Pavelski in Oilers zone.
13:42 of 3rd period - Icing by Mark Giordano.
13:43 of 3rd period - John Tavares wins face-off versus Nick Bonino in Oilers zone.
13:47 of 3rd period - Casey Cizikas is hit by Rasmus Andersson and loses puck.
14:25 of 3rd period - Shot by Noah Hanifin.
14:25 of 3rd period - Stopped by Connor Hellebuyck without a rebound.
14:26 of 3rd period - Mikael Backlund wins face-off versus Christian Dvorak in Oilers zone.
14:58 of 3rd period - Shot by Blake Coleman.
14:58 of 3rd period - Shot Misses the Net.
15:00 of 3rd period - Shot by Blake Coleman.
15:00 of 3rd period - Stopped by Connor Hellebuyck without a rebound.
15:01 of 3rd period - Anze Kopitar wins face-off versus John Tavares in Oilers zone.
16:17 of 3rd period - Shot by Joe Pavelski.
16:17 of 3rd period - Goal by Joe Pavelski - Oilers : 5 - Flames : 2.
16:18 of 3rd period - Blake Coleman wins face-off versus Tyler Motte in neutral zone.
16:46 of 3rd period - Icing by Brian Dumoulin.
16:47 of 3rd period - Paul Stastny wins face-off versus Christian Dvorak in Oilers zone.
16:47 of 3rd period - Paul Stastny is hit by Brian Dumoulin.
17:02 of 3rd period - Jordan Eberle is hit by Rasmus Andersson and loses puck.
17:33 of 3rd period - Mike Reilly is hit by Mark Stone and loses puck.
18:17 of 3rd period - Shot by Matthew Tkachuk.
18:17 of 3rd period - Stopped by Connor Hellebuyck without a rebound.
18:18 of 3rd period - Elias Lindholm wins face-off versus John Tavares in Oilers zone.
18:19 of 3rd period - Shot by Anze Kopitar.
18:19 of 3rd period - Shot Blocked by Justin Faulk.
19:41 of 3rd period - Shot by Alex Iafallo.
19:41 of 3rd period - Stopped by Mackenzie Blackwood with a rebound.
Goals for this period are 2 for Oilers vs 0 for Flames.
Shots for this period are 11 for Oilers vs 6 for Flames.